 Dungeon Crawl Stone Soup version 0.27-a0-1200-g94dc6ad4cf (webtiles) character file.

Game seed: 15572135342328112770

584 bilbop the Cudgeller (level 7, -5/61 HPs)
             Began as a Minotaur Fighter on May 31, 2021.
             Slain by Menkaure (10 damage)
             ... on level 5 of the Dungeon.
             The game lasted 00:14:31 (3071 turns).

bilbop the Cudgeller (Minotaur Fighter)             Turns: 3071, Time: 00:14:31

Health: -5/61      AC: 10    Str: 20    XL:     7   Next: 14%
Magic:  8/8        EV:  7    Int:  7    God:
Gold:   201        SH:  9    Dex: 10    Spells: 9/9 levels left

rFire    . . .     SeeInvis .   a - +0 flail
rCold    . . .     Faith    .   c - +0 kite shield
rNeg     . . .     Spirit   .   b - +0 scale mail
rPois    .         Reflect  .   (helmet restricted)
rElec    .         Harm     .   (no cloak)
rCorr    .         Rampage  .   (no gloves)
Will     .....                  k - +2 pair of boots
Stlth    ..........             s - amulet of regeneration
HPRegen  1.20/turn              (no ring)
MPRegen  0.11/turn              (no ring)

@: no status effects
A: horns 2, retaliatory headbutt
a: no special abilities


You were on level 5 of the Dungeon.
You visited 1 branch of the dungeon, and saw 5 of its levels.

You collected 201 gold pieces.

Inventory:

Hand Weapons
 a - a +0 flail (weapon)
 i - a +0 whip
 q - the +7 dagger of the Slashing Saviour {protect, rPois rF+}
   (You found it on level 4 of the Dungeon)

   It grants its wielder temporary protection when it strikes (+7 to AC).
   It protects you from fire.
   It protects you from poison.
Missiles
 f - 33 sling bullets
Armour
 b - a +0 scale mail (worn)
 c - a +0 kite shield (worn)
 k - a +2 pair of boots (worn)
Jewellery
 s - an amulet of regeneration (around neck)
 u - a +4 ring of protection
Scrolls
 e - a scroll of enchant armour {unknown}
 h - 2 scrolls of identify {unknown}
 l - a scroll of enchant weapon {unknown}
 m - a scroll of acquirement {unknown}
 n - a scroll of magic mapping {unknown}
 o - 2 scrolls of immolation {unknown}
 p - a scroll of fog {unknown}
 v - a scroll of teleportation {unknown}
Potions
 d - 2 potions of might
 g - 2 potions of haste {unknown}
 j - a potion of degeneration {unknown}
 r - 2 potions of resistance {unknown}
 t - a potion of curing {unknown}


   Skills:
 + Level 5.2 Fighting
 * Level 5.9 Maces & Flails
 + Level 5.1 Armour
 + Level 5.1 Shields
 + Level 1.8 Spellcasting


You had 9 spell levels left.
You didn't know any spells.
Your spell library contained the following spells:

 Spells                   Type           Power      Damage    Failure   Level
 Animate Skeleton         Necr           0%         N/A       98%         1
 Beastly Appendage        Tmut           0%         N/A       98%         1
 Foxfire                  Conj/Fire      0%         2x1d4     98%         1
 Magic Dart               Conj           0%         1d3       98%         1
 Wereblood                Tmut           0%         N/A       99%         2
 Spider Form              Tmut/Pois      0%         N/A       100%        3
 Vampiric Draining        Necr           0%         2d6       100%        3
 Ice Form                 Ice/Tmut       0%         N/A       100%        4
 Hydra Form               Tmut           0%         N/A       100%        5
 Irradiate                Conj/Tmut      0%         3d14      100%        5
 Iron Shot                Conj/Erth      0%         9d1       100%        6


Dungeon Overview and Level Annotations

Branches:
Dungeon (5/15)
 Temple: D:4-7

Altars:
Ru

Annotations:
D:5 Menkaure


Innate Abilities, Weirdness & Mutations

You have a pair of horns on your head.
You reflexively headbutt those who attack you in melee.


Message History

Things that are here:
a +0 halberd; a +0 whip; a gnoll corpse You see here a +0 halberd.
Found 24 stones.
Found an escape hatch in the floor.
A white imp comes into view.
The white imp shouts, "Begone, thou beslubbering weevil-witted clam!"
Menkaure, Prince of Dust comes into view.
Menkaure shouts!
The white imp gestures at you.
The puff of frost hits you but does no damage.
The white imp gestures at you. The puff of frost hits you.
You block the white imp's attack.
Your shield prevents you from hitting Menkaure.
The white imp hits you but does no damage.
Menkaure calls on the powers of darkness!
Your body is wracked with pain!
The white imp gestures at you. The puff of frost hits you!
You are too injured to fight recklessly!
You are too injured to fight recklessly!
You are too injured to fight recklessly!
You are too injured to fight recklessly!
You are too injured to fight recklessly!
You are too injured to fight recklessly!
You are too injured to fight recklessly!
You hit Menkaure but do no damage. You headbutt Menkaure.
Menkaure is moderately damaged.
Menkaure gestures wildly while chanting.
Menkaure seems to speed up.
You block the white imp's attack.
You barely miss Menkaure. You headbutt Menkaure.
Menkaure is heavily damaged.
Menkaure hits you!
* * * LOW HITPOINT WARNING * * *
The white imp hits you.
* * * LOW HITPOINT WARNING * * *
The white imp freezes you.
* * * LOW HITPOINT WARNING * * *
Menkaure hits you!
You die...

#.# #(># #.# #... ..#
#..# ..# #..# ##.#
#..# #..# #..#
######M5# #..#
.......@# #..######
#.#.....#####.......#
#####.............#
#.##.########.#
#....# #.#
.......#### #)#
.#####.# ##)## #.#
#.[.# ..# ###[).###


You could see Menkaure (fast) and a white imp.

Vanquished Creatures
  A phantom (D:4)
  Blork the orc (D:4)
  A scorpion (D:4)
  A jelly (D:4)
  A centaur zombie (D:3)
  A gnoll shaman (D:5)
  A hound (D:4)
  An orc priest (D:4)
  2 iguanas (D:4)
  2 hound skeletons (D:4)
  5 gnolls
  An adder (D:5)
  An ufetubus (D:4)
  3 worms
  A dart slug (D:3)
  7 orcs
  3 endoplasms
  2 giant cockroaches
  6 goblins
  7 hobgoblins
  13 jackals
  4 kobolds
  2 quokkas
  4 ball pythons
  3 bats
  2 frilled lizards
  5 rats
81 creatures vanquished.

Notes
Turn   | Place    | Note
-------+----------+-------------------------------------------
     0 | D:1      | bilbop the Minotaur Fighter began the quest for the Orb.
     0 | D:1      | Reached XP level 1. HP: 19/19 MP: 0/0
    72 | D:1      | Reached XP level 2. HP: 26/27 MP: 1/1
   487 | D:1      | Reached XP level 3. HP: 33/33 MP: 2/2
   828 | D:2      | Found a faded altar of an unknown god.
  1699 | D:3      | Reached XP level 4. HP: 34/40 MP: 4/4
  2003 | D:4      | Identified the +7 dagger of the Slashing Saviour {protect,
                  | rPois rF+}
  2059 | D:4      | Reached skill level 1 in Spellcasting
  2102 | D:4      | Noticed Blork the orc
  2115 | D:4      | Killed Blork the orc
  2116 | D:4      | Reached XP level 5. HP: 35/47 MP: 5/5
  2465 | D:4      | Identified the Papyrus of Harmful Evil Magic
  2543 | D:4      | Noticed a phantom
  2560 | D:4      | Reached skill level 5 in Maces & Flails
  2560 | D:4      | Reached XP level 6. HP: 48/53 MP: 5/7
  2742 | D:4      | Reached skill level 5 in Fighting
  2742 | D:4      | Reached skill level 5 in Shields
  2858 | D:4      | Found a sacrificial altar of Ru.
  3010 | D:5      | Entered Level 5 of the Dungeon
  3020 | D:5      | Reached skill level 5 in Armour
  3020 | D:5      | Reached XP level 7. HP: 42/61 MP: 8/8
  3065 | D:5      | Noticed Menkaure
  3071 | D:5      | Slain by Menkaure

Illustrated notes

Levels and vault maps discovered:
D:1:      roderic_crop_circles_arrival_small, layout_basic
D:2:      layout_loops_cross, ebering_ecumenical_altar_abandoned,
          nrook_mini_vaults, grunt_ministairs_1
D:3:      layout_rooms
D:4:      minmay_clustersquares, layout_basic, old_standard_altar,
          uniq_blork_the_orc
D:5:      layout_loops_ring, nicolae_wu_jian_wuxing_cycle, vehumet_statue,
          gammafunk_temple_overflow_pools, uniq_crazy_yiuf_cottage,
          uniq_menkaure

Skill      XL: |  1  2  3  4  5  6 |
---------------+-------------------+-----
Maces & Flails | 3 4 5 |  5.9
Fighting       | 4 5 |  5.2
Shields        | 4 5 |  5.1
Armour         | 4 5 |  5.1
Spellcasting   | 1 |  1.8

Action                   |  1- 3 |  4- 6 |  7- 9 || total
-------------------------+-------+-------+-------++-------
Melee: Flail             |   120 |    97 |    22 ||   239
       Headbutt          |    12 |    20 |     4 ||    36
Armor: Scale mail        |    73 |    50 |     8 ||   131
Dodge: Dodged            |    49 |    26 |    11 ||    86
Block: Kite shield       |    70 |    57 |    13 ||   140

Table legend: (Time is in decaauts)
 A = Elapsed time spent in this place.
 B = Non-inter-level travel time spent in this place.
 C = Inter-level travel time spent in this place.
 D = Time resting spent in this place.
 E = Time spent auto-exploring this place.
 F = Levels seen in this place.
 G = Mean time per level.
                   A        B        C        D        E       F      G
               +--------+--------+--------+--------+--------+-----+--------+
         Total |   3166 |   3060 |    106 |    443 |   2038 |   5 |  633.2 |
       Dungeon |   3166 |   3060 |    106 |    443 |   2038 |   5 |  633.2 |
               +--------+--------+--------+--------+--------+-----+--------+

Top non-repeatable levels by time:
     D:4: 1151 daAuts
     D:1: 819 daAuts
     D:2: 684 daAuts
     D:3: 441 daAuts
     D:5: 69 daAuts
